 Dungeon Crawl Stone Soup version 0.18-a0-5-gf1fb587 (webtiles) character file.

27 tony90 the Grave Robber (level 3, 0/18 HPs)
             Began as a Vine Stalker Necromancer on Oct 31, 2015.
             Succumbed to an adder's poison
             ... on level 2 of the Dungeon.
             The game lasted 00:22:26 (986 turns).

tony90 the Grave Robber (Vine Stalker Necromancer)   Turns: 986, Time: 00:22:26

Health: 0/18       AC:  7    Str: 10    XL:     3   Next: 10%
Magic:  1/7        EV: 12    Int: 16    God:
Gold:   75         SH:  0    Dex: 14    Spells: 2 memorised, 4 levels left

rFire  x . .     SeeInvis .     w - +0 mace (protect)
rCold  + . .     Clarity  .     a - +0 robe
rNeg   . . .     SustAt   .     (no shield)
rPois  .         Gourm    .     (no helmet)
rElec  .         Spirit   +     (no cloak)
rCorr  .         Warding  .     (no gloves)
rMut   .         Stasis   .     (no boots)
MR     .....                    (no amulet)
Stlth  ++........               (no ring)
                                h - ring of ice

@: lethally poisoned (0 -> -3), not resistant to hostile enchantments,
unstealthy
A: fangs 2, regeneration 1, magic shield, antimagic bite, no device heal 3, rot
immunity
a: no special abilities


You were on level 2 of the Dungeon.
You were not hungry.

You visited 1 branch of the dungeon, and saw 2 of its levels.

You collected 75 gold pieces.

Inventory:

Hand Weapons
 i - a +0 dagger
 m - a +0 short sword
 o - a +0 dagger
 q - a +0 dagger
 s - a +0 dagger
 t - a +0 club
 w - a +0 mace of protection (weapon)
Missiles
 g - 25 arrows
 k - 25 stones (quivered)
 l - 14 bolts
 r - 4 tomahawks
Armour
 a - a +0 robe (worn)
Jewellery
 h - a ring of ice (left hand)
Scrolls
 f - a scroll of recharging {unknown}
 j - a scroll of enchant weapon {unknown}
 n - a scroll of blinking {unknown}
 v - a scroll of magic mapping {unknown}
Potions
 d - 2 potions of haste
 e - a potion of might
Books
 b - a book of Necromancy

   Spells                             Type                      Level
   a - Pain                           Necromancy                   1
   b - Animate Skeleton               Necromancy                   1
   c - Vampiric Draining              Necromancy                   3
   d - Regeneration                   Charms/Necromancy            3
   e - Animate Dead                   Necromancy                   4
   f - Control Undead                 Necromancy                   4
Comestibles
 c - a bread ration
 p - a slice of pizza
 u - a chunk of flesh


   Skills:
 - Level 1.1 Fighting
 - Level 0.8 Short Blades
 + Level 0.7 Armour
 - Level 1.6 Dodging
 - Level 2.5 Stealth
 + Level 2.4 Spellcasting
 + Level 4.0 Necromancy


You had 4 spell levels left.
You knew the following spells:

 Your Spells              Type           Power        Failure   Level  Hunger
a - Pain                  Necr           ##..         4%          1    #......
b - Animate Skeleton      Necr           N/A          4%          1    #......


Dungeon Overview and Level Annotations

Branches:
Dungeon (2/15)

Altars:


Innate Abilities, Weirdness & Mutations

You have extremely sharp teeth.
Your natural rate of healing is unusually fast.
When hurt, damage is shared between your health and your magic reserves.
Your bite disrupts and absorbs the magic of your enemies.
Potions and wands cannot restore your health.
You are immune to rotting.


Message History

Aiming: Pain
Press: ? - help, Shift-Dir - straight line, f - adder
Aim: an adder (moderately wounded, chance to defeat MR: 79%)
The adder convulses in agony!
The hobgoblin barely misses you. The adder bites you but does no damage.
Casting: Pain
Confirm with . or Enter, or press ? or * to list all spells.
Aiming: Pain
Press: ? - help, Shift-Dir - straight line, f/p - adder
Aim: an adder (severely wounded, chance to defeat MR: 79%)
The adder convulses in agony!
* * * LOW HITPOINT WARNING * * *
You feel sick. The adder bites you.
* * * LOW HITPOINT WARNING * * *
The hobgoblin misses you.
Drink which item? (? for menu, Esc to quit)
Okay, then.
* * * LOW HITPOINT WARNING * * *
You feel sick. The adder barely misses you.
You die...

#.......# #.......#
#.......# #.......#
#.......# #.......#
#.......+
####.....g.##########..
.......@.S.............>
#######.###....######...
#.####...######... ..
#.##..............
....####.##.##.##......#!
.........#..#.#.#......#
....###..#..#...#..###.#
. #..#..#.$.#......#
#..#..##.##.######


You could see an adder and a hobgoblin.

Vanquished Creatures
  4 goblins (D:1)
  3 hobgoblins
  4 kobolds
  A quokka (D:2)
  2 ball pythons (D:1)
  A bat (D:2)
  A giant gecko (D:1)
  2 giant newts
  2 rats
20 creatures vanquished.

Vanquished Creatures (collateral kills)
  A ball python (D:1)
  4 bats
  2 kobolds (D:1)
  2 rats (D:1)
9 creatures vanquished.

Grand Total: 29 creatures vanquished

Notes
Turn   | Place    | Note
--------------------------------------------------------------
     0 | D:1      | tony90 the Vine Stalker Necromancer began the quest for the Orb.
     0 | D:1      | Reached XP level 1. HP: 9/9 MP: 4/4
     4 | D:1      | Learned a level 1 spell: Animate Skeleton
   311 | D:1      | Reached XP level 2. HP: 14/14 MP: 6/6
   510 | D:1      | Reached skill level 1 in Fighting
   909 | D:2      | Reached XP level 3. HP: 18/18 MP: 7/7
   986 | D:2      | Succumbed to an adder's poison

Vault maps used:
D:1:      wheals_arrival_linesprint, wad_floor_pattern_untrapped, st_stairs_5
D:2:      minmay_distorted, uniq_robin

Action                   || total
-------------------------++-------
Melee: Dagger            ||    47
       Club              ||    14
       Short sword       ||     4
       Mace              ||    14
Throw: Stone             ||     2
 Cast: Animate Skeleton  ||    13
       Pain              ||     8
  Use: Scroll            ||     2
 Stab: Sleeping          ||     2
       Distracted        ||     1
  Eat: Chunk             ||     1
